 Dungeon Crawl Stone Soup version 0.23-a0-384-g3a68796 (webtiles) character file.

3735 Cryolive the Digger (level 10, -12/59 HPs)
             Began as a Gargoyle Earth Elementalist on Oct 27, 2018.
             Mangled by an orc warrior
             ... wielding a +0 glaive
              (15 damage)
             ... on level 7 of the Dungeon.
             The game lasted 00:40:56 (9011 turns).

Cryolive the Digger (Gargoyle Earth Elementalist)   Turns: 9011, Time: 00:40:57

Health: -12/59     AC: 12    Str: 12    XL:     10   Next: 15%
Magic:  10/17      EV: 13    Int: 19    God:
Gold:   322        SH:  0    Dex: 10    Spells: 10/19 levels left

rFire    . . .     SeeInvis +   K - staff of poison
rCold    . . .     Gourm    .   (no shield)
rNeg     + . .     Faith    .   L - +2 robe {MR+}
rPois    ∞         Spirit   .   (no helmet)
rElec    +         Reflect  .   r - +0 cloak
rCorr    .         Harm     .   (no gloves)
MR       +....                  (no boots)
Stlth    ++........             (no amulet)
HPRegen  0.19/turn              k - ring of see invisible
MPRegen  0.15/turn              H - ring of flight

@: about to teleport
A: negative energy resistance 1, electricity resistance, unbreathing,
petrification resistance, rot immunity, AC +7
a: Evoke Flight


You were on level 7 of the Dungeon.
You were not hungry.

You visited 2 branches of the dungeon, and saw 9 of its levels.

You collected 322 gold pieces.

Inventory:

Hand Weapons
 q - a +3 quarterstaff of chaos
Missiles
 b - 139 stones (quivered)
 g - 5 silver tomahawks
Armour
 c - a +0 robe
 l - a +0 chain mail of cold resistance
 r - a +0 cloak (worn)
 L - a +2 robe of magic resistance (worn)
Magical Staves
 K - an uncursed staff of poison (weapon)
Jewellery
 k - a ring of see invisible (left hand)
 m - an uncursed ring of stealth
 A - a +3 ring of dexterity
 C - an uncursed ring of fire
 D - an uncursed ring of attention
 G - a cursed ring of teleportation {unknown}
 H - a ring of flight (right hand)
Wands
 y - a wand of flame (14)
 E - a wand of disintegration (7)
Scrolls
 a - a scroll of remove curse
 e - 4 scrolls of teleportation
 i - a scroll of enchant armour {unknown}
 j - 2 scrolls of fog {unknown}
 p - 2 scrolls of immolation {unknown}
 s - 2 scrolls of amnesia {unknown}
 t - 6 scrolls of enchant weapon
 u - a scroll of magic mapping {unknown}
 v - 3 scrolls of identify
 F - 2 scrolls of blinking {unknown}
Potions
 f - a potion of mutation {unknown}
 h - a potion of resistance {unknown}
 n - 2 potions of curing {unknown}
 o - a potion of ambrosia {unknown}
 w - a potion of might {unknown}
 x - 3 potions of agility {unknown}
 z - 4 potions of haste {unknown}
 B - a potion of invisibility {unknown}
 I - a potion of heal wounds {unknown}
Comestibles
 d - 13 rations
 J - 2 chunks of flesh


   Skills:
 + Level 5.5 Fighting
 + Level 4.3 Staves
 + Level 5.5 Armour
 + Level 4.5 Dodging
 - Level 2.1 Stealth
 + Level 5.0 Spellcasting
 + Level 5.3 Conjurations
   Level 0.7 Transmutations
 + Level 7.3 Earth Magic
 + Level 3.9 Evocations


You had 10 spell levels left.
You knew the following spells:

 Your Spells              Type           Power        Failure   Level  Hunger
a - Sandblast             Erth           ####..       1%          1    None
b - Stone Arrow           Conj/Erth      ####..       2%          3    ##.....
c - Lee's Rapid Deconstr  Erth           ####......   17%         5    ######.

Your spell library contained the following spells:

 Spells                   Type           Power        Failure   Level  Hunger
 Passwall                 Tmut/Erth      ###.....     3%          2    #......
 Throw Frost              Conj/Ice       ##....       6%          2    #......
 Freeze                   Ice            #...         12%         1    None
 Petrify                  Tmut/Erth      ###.....     24%         4    ####...
 Ozocubu's Armour         Chrm/Ice       #.......     36%         3    ##.....
 Throw Icicle             Conj/Ice       ##......     38%         4    ####...
 Summon Ice Beast         Ice/Summ       #.......     77%         4    ####...


Dungeon Overview and Level Annotations

Branches:
Dungeon (8/15)             Temple (1/1) D:6
   Lair: D:8-11

Altars:
Ashenzari
Cheibriados
Dithmenos
Fedhas
Kikubaaqudgha
Makhleb
Nemelex Xobeh
Qazlal
Ru
Uskayaw
Wu Jian
Yredelemnul
Zin
The Shining One

Shops:
D:5 [


Innate Abilities, Weirdness & Mutations

You are resistant to torment.
Your stone body is resilient. (AC +7)
You are immune to poison.
You resist negative energy. (rN+)
You are resistant to electric shocks. (rElec)
You can survive without breathing.
You are immune to petrification.
You are immune to rotting.


Message History

b - 140 stones The orc priest mumbles some strange prayers to Beogh against you.
Beogh smites you!
Casting: Sandblast (safe; 1% risk of failure)
Confirm with . or Enter, or press ? or * to list all spells.
Aiming: Sandblast (safe; 1% risk of failure)
Press: ? - help, Shift-Dir - straight line, f/p - orc warrior
Aim: an orc warrior, wielding a +0 glaive and wearing a +0 plate armour The blast of sand misses the orc warrior.
The blast of sand misses the orc priest.
b - 139 stones The orc warrior hits you from afar with a +0 glaive.
* * * LOW HITPOINT WARNING * * *
The orc priest mumbles some strange prayers to Beogh against you.
Beogh smites you!
* * * LOW HITPOINT WARNING * * *
As you read the scroll of teleportation, it crumbles to dust.
You feel strangely unstable.
The orc warrior hits you from afar with a +0 glaive!
You die...

#.# #.# #o# #o# #<#
###### #.# .....# #.#
.###.##############o#
....÷....>......@.oo#
.###.################
...#.# ...#.# ...#.#
####.# #.# #.#


You could see an orc warrior, an orc priest and an orc wizard.

Vanquished Creatures
  Erica (D:8)
  2 hippogriffs
  Sigmund (D:2)
  Menkaure (D:5)
  A water moccasin (D:7)
  An ice beast (D:7)
  2 ogres (D:5)
  An orc warrior (D:6)
  A phantom (D:6)
  2 sky beasts
  3 centaurs
  A crocodile (D:7)
  4 bullfrogs
  3 scorpions
  3 killer bees (D:7)
  A centaur zombie (D:8)
  3 crimson imps
  A bullfrog zombie (D:6)
  Crazy Yiuf (D:2)
  2 hounds
  A bullfrog skeleton (D:5)
  An orc priest (D:4)
  A jelly (D:7)
  3 orc wizards
  Jessica (D:2)
  Terence (D:3)
  2 iguanas (D:6)
  2 worker ants (D:7)
  4 gnolls
  A howler monkey skeleton (D:7)
  9 adders
  2 shadow imps (D:5)
  An ooze (D:2)
  An adder skeleton (D:4)
  4 worms
  4 dart slugs
  9 leopard geckos
  28 orcs
  7 giant cockroaches
  10 goblins
  7 hobgoblins
  16 jackals
  3 quokkas
  9 bats
  2 frilled lizards
  10 kobolds
  A leopard gecko skeleton (D:5)
  6 rats
181 creatures vanquished.

Notes
Turn   | Place    | Note
-------+----------+-------------------------------------------
     0 | D:1      | Cryolive the Gargoyle Earth Elementalist began the quest
                  | for the Orb.
     0 | D:1      | Reached XP level 1. HP: 10/10 MP: 3/3
   143 | D:1      | Reached XP level 2. HP: 14/16 MP: 5/5
   682 | D:1      | Reached skill level 1 in Fighting
   719 | D:1      | Reached skill level 1 in Armour
   761 | D:1      | Reached XP level 3. HP: 18/20 MP: 6/6
   766 | D:1      | Learned a level 3 spell: Stone Arrow
   814 | D:1      | Reached skill level 4 in Earth Magic
  1147 | D:2      | Noticed Jessica
  1168 | D:2      | Killed Jessica
  1168 | D:2      | Reached skill level 1 in Conjurations
  1168 | D:2      | Reached XP level 4. HP: 22/25 MP: 0/7
  1714 | D:2      | Noticed Sigmund
  1734 | D:2      | Reached XP level 5. HP: 15/30 MP: 4/8
  1743 | D:1      | Learned a level 5 spell: Lee's Rapid Deconstruction
  2263 | D:2      | Found a glowing golden altar of the Shining One.
  2263 | D:2      | Found a blossoming altar of Fedhas.
  2263 | D:2      | Found a sparkling altar of Nemelex Xobeh.
  2411 | D:2      | Found a runed door.
  2851 | D:2      | Noticed Crazy Yiuf
  2855 | D:2      | Killed Crazy Yiuf
  3287 | D:3      | Reached XP level 6. HP: 35/35 MP: 10/10
  3433 | D:3      | Noticed Terence
  3495 | D:3      | Killed Terence
  3702 | D:3      | Found a sacrificial altar of Ru.
  3818 | D:3      | Reached skill level 1 in Staves
  4635 | D:4      | Reached XP level 7. HP: 40/40 MP: 11/11
  4755 | D:4      | Reached skill level 5 in Earth Magic
  4974 | D:5      | Entered Level 5 of the Dungeon
  5059 | D:5      | Reached skill level 1 in Evocations
  5071 | D:5      | Noticed Menkaure
  5075 | D:5      | Killed Menkaure
  5108 | D:5      | Reached XP level 8. HP: 33/46 MP: 5/13
  5383 | D:5      | Found Inoich's Armour Emporium.
  5562 | D:2      | Killed Sigmund
  5744 | D:6      | Reached skill level 6 in Earth Magic
  5994 | D:6      | Reached XP level 9. HP: 7/52 MP: 0/15
  6556 | D:6      | Found an ancient bone altar of Kikubaaqudgha.
  6801 | D:6      | Found a staircase to the Ecumenical Temple.
  6807 | Temple   | Entered the Ecumenical Temple
  8156 | D:8      | Reached skill level 5 in Armour
  8374 | D:8      | Noticed Erica
  8396 | D:8      | Killed Erica
  8396 | D:8      | Reached skill level 5 in Fighting
  8396 | D:8      | Reached skill level 5 in Conjurations
  8396 | D:8      | Reached skill level 7 in Earth Magic
  8396 | D:8      | Reached XP level 10. HP: 10/59 MP: 0/17
  8702 | D:7      | Reached skill level 5 in Spellcasting
  9010 | D:7      | HP: 2/59 [orc priest/divine providence (15)]
  9011 | D:7      | Mangled by an orc warrior

Vault maps used:
D:1:      tarquinn_simple_flora_water_e, minmay_door_square,
          minmay_misc_feat_rugged
D:2:      chequers_temple_overflow_statue_of_worship, st_stairs_10,
          minmay_tetromino_s4, uniq_sigmund, uniq_crazy_yiuf_cottage,
          uniq_jessica
D:3:      nicolae_ru_great_annihilating_truth, nrook_mini_vaults, uniq_terence
D:4:      first_ration
D:5:      serial_shops, nicolae_shop_crystal, uniq_menkaure
D:6:      kennysheep_mini, minmay_temple_entry_fiery, fountainhead, sigmund_army
D:7:      minmay_misc_feat_pillars, the_bakery
D:8:      uniq_erica, uniq_prince_ribbit1, uniq_gastronok
Temple:   compressed_dpeg_triangle_lava_temple

Skill      XL: |  1  2  3  4  5  6  7  8  9 10 |
---------------+-------------------------------+-----
Fighting       | 1 2 3 4 5 |  5.5
Armour         | 1 2 3 4 5 |  5.5
Earth Magic    | 4 5 6 7 |  7.3
Dodging        | 2 3 4 |  4.5
Conjurations   | 1 2 3 4 5 |  5.3
Staves         | 1 2 3 4 |  4.3
Spellcasting   | 3 4 5 |  5.0
Evocations     | 1 2 3 |  3.9
Stealth        | |  2.1
Transmutations | |  0.7

Action                   |  1- 3 |  4- 6 |  7- 9 | 10-12 || total
-------------------------+-------+-------+-------+-------++-------
Melee: Unarmed           |    90 |       |       |       ||    90
       Whip              |    42 |   120 |       |       ||   162
       Quarterstaff      |       |   118 |   126 |       ||   244
       Staff             |       |       |    51 |    56 ||   107
 Cast: Sandblast         |    14 |    40 |    36 |     9 ||    99
       Stone Arrow       |       |     4 |    29 |     6 ||    39
       Lee's Rapid Decon |       |       |     1 |     1 ||     2
Evoke: Wand              |       |       |     4 |       ||     4
  Use: Scroll            |       |     1 |     5 |     1 ||     7
 Stab: Sleeping          |     1 |     5 |     2 |       ||     8
       Paralysed         |       |       |     3 |       ||     3
  Eat: Chunk             |     1 |     9 |    10 |     4 ||    24
       Ration            |       |     1 |     1 |       ||     2
Armor: Robe              |    37 |   110 |    83 |    25 ||   255
Dodge: Dodged            |    92 |   246 |   197 |    33 ||   568

Table legend:
 A = Non-vault XP
 B = Vault XP
 C = Vault XP percentage of total XP
 D = Non-vault monster count
 E = Vault monster count
 F = Vault count percentage of total count
                 A         B        C        D         E       F
            +---------+---------+-------+---------+---------+-------
      Total |    3842 |    1495 |  28.0 |     163 |      18 |   9.9
            +---------+---------+-------+---------+---------+-------
        D:1 |      44 |       0 |   0.0 |      22 |       0 |   0.0
        D:2 |     161 |     306 |  65.5 |      32 |       6 |  15.8
        D:3 |     109 |      79 |  42.0 |      32 |       5 |  13.5
        D:4 |     215 |       0 |   0.0 |      15 |       0 |   0.0
        D:5 |     769 |     172 |  18.3 |      19 |       1 |   5.0
        D:6 |     996 |      15 |   1.5 |      17 |       5 |  22.7
        D:7 |    1250 |       0 |   0.0 |      21 |       0 |   0.0
        D:8 |     298 |     923 |  75.6 |       5 |       1 |  16.7
            +---------+---------+-------+---------+---------+-------
